 Dungeon Crawl Stone Soup version 0.22-a0-609-gfedc9ff (webtiles) character file.

23 Hebeh the Firebug (level 2, -1/15 HPs)
             Began as a Deep Elf Fire Elementalist on July 10, 2018.
             Slain by Terence
             ... wielding a +0 short sword
              (6 damage)
             ... on level 2 of the Dungeon.
             The game lasted 00:04:11 (795 turns).

Hebeh the Firebug (Deep Elf Fire Elementalist)       Turns: 795, Time: 00:04:11

Health: -1/15      AC:  2    Str:  5    XL:     2   Next: 72%
Magic:  0/8        EV: 13    Int: 19    God:
Gold:   42         SH:  0    Dex: 15    Spells: 6/7 levels left

rFire    . . .     SeeInvis .   d - +0 whip
rCold    . . .     Gourm    .   (no shield)
rNeg     . . .     Faith    .   f - +0 robe {MR+}
rPois    .         Spirit   .   (no helmet)
rElec    .         Reflect  .   (no cloak)
rCorr    .         Harm     .   (no gloves)
MR       +....                  (no boots)
Stlth    ++........             (no amulet)
HPRegen  0.05/turn              (no ring)
MPRegen  0.11/turn              (no ring)

@: no status effects
A: no striking features
a: no special abilities


You were on level 2 of the Dungeon.
You were not hungry.

You visited 1 branch of the dungeon, and saw 2 of its levels.

You collected 42 gold pieces.

Inventory:

Hand Weapons
 d - a +0 whip (weapon)
Missiles
 l - 8 stones (quivered)
 o - 28 sling bullets
Armour
 a - a +0 robe
 f - a +0 robe of magic resistance (worn)
Jewellery
 j - an uncursed ring of resist corrosion {unknown}
Scrolls
 e - 3 scrolls of teleportation {unknown}
 g - a scroll of fog {unknown}
 h - a scroll of amnesia {unknown}
 i - a scroll of identify {unknown}
 k - 4 scrolls of remove curse {unknown}
 m - 4 scrolls of magic mapping {unknown}
Potions
 b - a potion of lignification {unknown}
 n - a potion of berserk rage {unknown}
Comestibles
 c - 3 rations


   Skills:
 - Level 2.4 Dodging
 * Level 3.3 Stealth
 + Level 3.3 Spellcasting
 + Level 1.6 Conjurations
 + Level 3.5 Fire Magic


You had 6 spell levels left.
You knew the following spells:

 Your Spells              Type           Power        Failure   Level  Hunger
a - Flame Tongue          Conj/Fire      ##...        4%          1    None

Your spell library contained the following spells:

 Spells                   Type           Power        Failure   Level  Hunger
 Fireball                 Conj/Fire      ##........   80%         5    ######.
 Conjure Flame            Conj/Fire      ##......     16%         3    ###....
 Throw Flame              Conj/Fire      ##....       8%          2    ##.....
 Sticky Flame             Conj/Fire      ##......     45%         4    ####...
 Inner Flame              Hex/Fire       #.......     22%         3    ###....


Dungeon Overview and Level Annotations

Branches:
Dungeon (2/15)

Altars:
Cheibriados
Gozag
Ru
The Shining One

Annotations:
D:2 Terence


Message History

Casting: Flame Tongue (safe; 4% risk of failure)
Confirm with . or Enter, or press ? or * to list all spells.
Aiming: Flame Tongue (safe; 4% risk of failure)
Press: ? - help, Shift-Dir - straight line, f/p - Terence
Aim: Terence, wielding a short sword and wearing a chain mail (lightly wounded)
The flame tongue hits Terence.
Terence is heavily wounded.
Terence barely misses you.
Casting: Flame Tongue (safe; 4% risk of failure)
Confirm with . or Enter, or press ? or * to list all spells.
Aiming: Flame Tongue (safe; 4% risk of failure)
Press: ? - help, Shift-Dir - straight line, f/p - Terence
Aim: Terence, wielding a short sword and wearing a chain mail (heavily wounded)
The flame tongue hits Terence.
Terence is severely wounded.
Terence misses you.
You hit Terence but do no damage.
Terence is severely wounded.
Terence hits you with a short sword.
You die...

.......##.#...###+###
#########.......#.#
#.....#.#.#
##....#.#.#
#.#..#.#.####
...#..#.#....#
.....#..#.#....#
.......#.....#.†.###
......##...!@@......
............_...###.
......###.......# $.
...........# .
#.._..⌠.._..#
##..........#
#.....[..#.#
#...._...:.#


You could see Terence.

Vanquished Creatures
  An adder (D:2)
  A dart slug (D:1)
  A leopard gecko (D:1)
  2 giant cockroaches (D:1)
  A goblin (D:1)
  2 bats (D:1)
  A frilled lizard (D:2)
  3 kobolds (D:1)
12 creatures vanquished.

Notes
Turn   | Place    | Note
-------+----------+-------------------------------------------
     0 | D:1      | Hebeh the Deep Elf Fire Elementalist began the quest for the Orb.
     0 | D:1      | Reached XP level 1. HP: 10/10 MP: 6/6
   249 | D:1      | Reached XP level 2. HP: 15/15 MP: 2/8
   766 | D:2      | Found a glowing golden altar of the Shining One.
   770 | D:2      | Found a sacrificial altar of Ru.
   770 | D:2      | Found a snail-covered altar of Cheibriados.
   773 | D:2      | Found an opulent altar of Gozag.
   773 | D:2      | Noticed Terence
   795 | D:2      | Slain by Terence

Vault maps used:
D:1:      ebering_trefoil_twist, hangedman_decor_clover_reticule
D:2:      grunt_temple_overflow_open, vehumet_crystals, st_stairs_3,
          uniq_natasha, uniq_terence

Skill      XL: |  1 |
---------------+----+-----
Stealth        | 3 |  3.3
Dodging        | |  2.4
Spellcasting   | |  3.3
Conjurations   | |  1.6
Fire Magic     | |  3.5

Action                   || total
-------------------------++-------
Melee: Whip              ||    12
Throw: Stone             ||     6
 Cast: Flame Tongue      ||    35
Armor: Robe              ||     3
Dodge: Dodged            ||    21

Table legend:
 A = Spawn XP
 B = Non-spawn XP
 C = Spawn XP percentage of total XP
 D = Spawn monster count
 E = Non-spawn monster count
 F = Spawn count percentage of total count
 G = Total turns spent on level
                    A         B        C        D         E        F      G
               +---------+---------+-------+---------+---------+-------+---------
         Total |       0 |      33 |   0.0 |       0 |      12 |   0.0 |   795
               +---------+---------+-------+---------+---------+-------+---------
           D:1 |       0 |      19 |   0.0 |       0 |      10 |   0.0 |   672
           D:2 |       0 |      14 |   0.0 |       0 |       2 |   0.0 |   123
               +---------+---------+-------+---------+---------+-------+---------
